 Dungeon Crawl Stone Soup version 0.18.1-48-g4cf74bf (webtiles) character file.

366 OTRawrior the Digger (level 6, 0/32 HPs)
             Began as a Gargoyle Earth Elementalist on Aug 10, 2016.
             Slain by an orc
             ... wielding a +0 mace
              (5 damage)
             ... on level 2 of the Dungeon.
             The game lasted 00:10:42 (3588 turns).

OTRawrior the Digger (Gargoyle Earth Elementalist)  Turns: 3588, Time: 00:10:43

Health: 0/32       AC:  7    Str: 14    XL:     6   Next: 68%
Magic:  0/13       EV: 12    Int: 18    God:
Gold:   71         SH:  0    Dex: 12    Spells: 2 memorised, 11 levels left

rFire  . . .     SeeInvis .     q - -3 dagger (curse)
rCold  . . .     Gourm    .     a - +0 robe
rNeg   + . .     Faith    .     (no shield)
rPois  ∞         Spirit   .     g - +0 helmet (curse)
rElec  +         Dismiss  .     (no cloak)
rCorr  .         Reflect  .     (no gloves)
SustAt .         Harm     .     (no boots)
MR     .....                    (no amulet)
Stlth  ++........               r - +3 ring of strength
                                f - +2 ring of dexterity

@: not resistant to hostile enchantments, unstealthy
A: negative energy resistance 1, electricity resistance, unbreathing,
petrification resistance, rot immunity, AC +4
a: no special abilities


You were on level 2 of the Dungeon.
You were not hungry.

You visited 1 branch of the dungeon, and saw 3 of its levels.

You collected 71 gold pieces.

Inventory:

Hand Weapons
 i - a +0 club
 k - a -3 dagger
 l - a +0 dagger
 m - a +0 whip
 q - a cursed -3 dagger (weapon)
Missiles
 b - 129 stones (quivered)
Armour
 a - a +0 robe (worn)
 g - a cursed +0 helmet (worn)
Jewellery
 f - a +2 ring of dexterity (left hand)
 r - a +3 ring of strength (right hand)
 s - an uncursed ring of fire
Scrolls
 e - 4 scrolls of teleportation
 n - a scroll of identify
Potions
 h - 3 potions of curing
 o - a potion of invisibility {unknown}
Books
 c - a book of Geomancy

   Spells                             Type                      Level
   a - Sandblast                      Earth                        1
   b - Passwall                       Transmutation/Earth          2
   c - Stone Arrow                    Conjuration/Earth            3
   d - Petrify                        Transmutation/Earth          4
   e - Lee's Rapid Deconstruction     Earth                        5
Comestibles
 d - a bread ration
 j - a slice of pizza
 p - a meat ration
 t - 2 chunks of flesh


   Skills:
 - Level 1.5 Dodging
 - Level 2.1 Stealth
 * Level 5.1 Spellcasting
 + Level 1.9 Conjurations
   Level 0.7 Transmutations
 + Level 5.5 Earth Magic


You had 11 spell levels left.
You knew the following spells:

 Your Spells              Type           Power        Failure   Level  Hunger
a - Sandblast             Erth           ###...       1%          1    None
b - Stone Arrow           Conj/Erth      ###...       10%         3    ##.....


Dungeon Overview and Level Annotations

Branches:
Dungeon (3/15)

Altars:
Fedhas
Pakellas


Innate Abilities, Weirdness & Mutations

You are resistant to torment.
Your stone body is resilient (AC +4).
You are immune to poison.
You resist negative energy.
You are resistant to electric shocks.
You can survive without breathing.
You are immune to petrification.
You are immune to rotting.


Message History

You kill the orc!
The orc closely misses you. The orc barely misses you.
Unknown command.
The orc hits you with a war axe!
* * * LOW HITPOINT WARNING * * *
You climb upwards.
There is a stone staircase leading down here.
Unknown command.
You hit the orc but do no damage. The orc barely misses you.
The orc hits you with a war axe.
* * * LOW HITPOINT WARNING * * *
Casting: Sandblast
Confirm with . or Enter, or press ? or * to list all spells.
Aiming: Sandblast
Press: ? - help, Shift-Dir - straight line, f - orc
Aim: an orc, wielding a mace and wearing a leather armour The blast of sand hits the orc.
The orc is moderately wounded.
The orc hits you with a mace.
You die...

#.# #.##########
#.##.......#######
#.#..............#
#............###.####
###...................#
................o..##.#
###.##.##.####.#o#.##.#
###.##.##.# #.#@#.##.#
....##.##.# #.#.#.##.#
.#..##.##.####.#.#.##.#
.....#.##.##.#........#
.....#.##.##.###.#.####
.....#.....#.###.#.#
.....#.............#
.....##....#.###.#.#
##..###....#.# #.#.#


You could see 2 orcs.

Vanquished Creatures
  Sigmund (D:2)
  A hound (D:2)
  Jessica (D:2)
  Robin (D:2)
  3 gnolls (D:2)
  2 adders (D:2)
  4 worms (D:2)
  2 dart slugs
  3 giant geckos
  4 orcs (D:3)
  A giant cockroach (D:1)
  17 goblins
  9 hobgoblins
  6 kobolds
  A ball python (D:2)
  4 bats
  7 giant newts
  6 rats
73 creatures vanquished.

Notes
Turn   | Place    | Note
--------------------------------------------------------------
     0 | D:1      | OTRawrior the Gargoyle Earth Elementalist began the quest for the Orb.
     0 | D:1      | Reached XP level 1. HP: 10/10 MP: 3/3
   176 | D:1      | Reached XP level 2. HP: 4/15 MP: 0/5
  1055 | D:1      | Reached XP level 3. HP: 19/19 MP: 4/7
  1307 | D:2      | Noticed Sigmund
  1675 | D:2      | Found an oddly glowing altar of Pakellas.
  1675 | D:2      | Found a blossoming altar of Fedhas.
  1853 | D:2      | Reached XP level 4. HP: 10/24 MP: 3/9
  1882 | D:2      | Noticed Robin
  1913 | D:2      | Learned a level 3 spell: Stone Arrow
  2490 | D:2      | Noticed Jessica
  2499 | D:2      | Killed Jessica
  2499 | D:2      | Reached XP level 5. HP: 28/28 MP: 3/11
  2684 | D:2      | Killed Robin
  2684 | D:2      | Reached skill level 5 in Earth Magic
  3386 | D:2      | Killed Sigmund
  3386 | D:2      | Reached skill level 5 in Spellcasting
  3386 | D:2      | Reached skill level 1 in Conjurations
  3386 | D:2      | Reached XP level 6. HP: 16/32 MP: 0/13
  3588 | D:2      | Slain by an orc

Skill      XL: |  1  2  3  4  5 |
---------------+----------------+-----
Spellcasting   | 3 4 5 |  5.1
Earth Magic    | 4 5 |  5.5
Conjurations   | 1 |  1.9
Dodging        | |  1.5
Stealth        | |  2.1
Transmutations | |  0.7

Action                   |  1- 3 |  4- 6 || total
-------------------------+-------+-------++-------
Melee: Unarmed           |     7 |       ||     7
       Club              |    42 |       ||    42
       Dagger            |    21 |    55 ||    76
       Whip              |     5 |     1 ||     6
 Cast: Sandblast         |    66 |    96 ||   162
  Use: Scroll            |     3 |     2 ||     5
  Eat: Chunk             |     3 |     6 ||     9
Armor: Robe              |    35 |    38 ||    73
Dodge: Dodged            |    66 |    84 ||   150
